cohdb
Replays
Latest Replays
All Replays
Popular Replays
Top Player Replays
Match Explorer
How It Works
Community
CoH3 Stats
Reddit
Sign in to upload your games and track your stats! →
Sign in with Steam
Match 41260674
Unlisted
Match 41260674
Overview
Messages
Build Orders
End
Panzergrenadier Squad
Selects Panzerjäger Kommand Battlegroup
Selects Mine Fields
250 Light Carrier
Panzergrenadier Squad
Construct Light Support Kompanie
Panzerjäger Squad
2.5-tonne Medical Truck
Selects Tank Busters
Fire Support Elements
Panzerjäger Squad
Forward Retreat Point
Construct Panzerarmee Kommand
Veteran Squad Leaders
Panzer III L Medium Tank
Tungsten Core Ammunition
Selects Defensive Positions
Selects Crew Shock Tactics
Vehicle Survival Package
Emergency Repair Kits
Panzer III L Medium Tank
Rapid Advance
Advanced Optics
Advanced Field Repairs
Husar
1192576602
十六州
Inclave
colpex
DetecktoR
0
0
Comments
sign in to comment!
No comments posted yet!